Map: Nightshade LE

Players

goblin - Winner!

  • Race: Protoss Protoss
  • League: Master
  • Spawn Location: 5:00

liquidthermy (uThermal)

  • Race: Terran Terran
  • Spawn Location: 11:00

VOD

Have the link to the VOD?

Description

Time

  • Played on: April 16, 2020, 12:30 p.m.
  • Length: 25:11
Show
View Real Time Build Order
Export as new Build Order

goblin Protoss - Winner!

Build Orders: 1 Gate Expand, Oracle Opening, Carriers 

Get SALT Encoding   

  12  0:00  Probe  
  13  0:12  Probe  
  14  0:17  Pylon  
  14  0:24  Probe (Chrono Boost)  
  15  0:36  Probe (Chrono Boost)  
  15  0:37  Gateway  
  16  0:44  Probe (Chrono Boost)  
  16  0:46  Assimilator  
  17  0:51  Probe  
  18  1:03  Probe  
  19  1:19  Nexus  
  19  1:21  Probe  
  20  1:31  Cybernetics Core  
  20  1:34  Probe  
  20  1:39  Assimilator  
  21  1:46  Probe  
  22  1:49  Pylon  
  22  1:58  Probe (Chrono Boost)  
  23  2:04  Adept (Chrono Boost)  
  26  2:10  Probe (Chrono Boost)  
  26  2:13  Stargate  
  26  2:15  Probe (Chrono Boost)  
  27  2:23  Warp Gate  
  27  2:24  Probe  
  27  2:29  Adept  
  30  2:31  Probe  
  30  2:36  Pylon  
  30  2:50  Probe x2  
  32  2:55  Oracle (Chrono Boost), Shield Battery  
  35  3:05  Probe  
  35  3:06  Probe  
  36  3:13  Stalker  
  36  3:18  Probe (Chrono Boost)  
  39  3:21  Probe (Chrono Boost)  
  40  3:32  Oracle  
  44  3:36  Probe (Chrono Boost)  
  44  3:37  Probe (Chrono Boost)  
  45  3:43  Probe x2 (Chrono Boost)  
  47  3:54  Probe x2  
  49  4:06  Pylon, Probe x2  
  49  4:07  Assimilator  
  51  4:10  Assimilator  
  51  4:13  Phoenix  
  51  4:15  Robotics Facility  
  53  4:18  Probe  
  53  4:24  Probe  
  55  4:30  Probe  
  56  4:36  Probe  
  56  4:38  Nexus, Phoenix (Chrono Boost)  
  59  4:41  Pylon  
  59  4:43  Probe  
  60  4:48  Probe  
  61  4:55  Probe  
  61  4:58  Phoenix (Chrono Boost)  
  62  5:00  Probe  
  62  5:02  Immortal (Chrono Boost)  
  66  5:07  Robotics Bay  
  66  5:14  Phoenix  
  66  5:16  Pylon  
  66  5:17  Stalker  
  68  5:26  Shield Battery  
  70  5:30  Shield Battery  
  70  5:35  Immortal (Chrono Boost)  
  70  5:42  Phoenix (Chrono Boost)  
  65  6:00  Stalker  
  67  6:06  Phoenix (Chrono Boost)  
  67  6:07  Gateway  
  67  6:09  Gateway  
  69  6:11  Gateway  
  69  6:12  Probe x2  
  55  6:36  Probe  
  55  6:39  Probe x2  
  58  6:48  Probe (Chrono Boost)  
  58  6:51  Probe x2 (Chrono Boost)  
  58  6:52  Robotics Facility  
  61  6:54  Robotics Facility  
  61  6:58  Extended Thermal Lance  
  61  7:00  Probe (Chrono Boost)  
  64  7:01  Phoenix  
  64  7:02  Probe (Chrono Boost)  
  64  7:03  Probe (Chrono Boost)  
  64  7:05  Sentry  
  64  7:06  Probe (Chrono Boost)  
  64  7:07  Pylon, Probe x2 (Chrono Boost)  
  72  7:18  Probe x2 (Chrono Boost)  
  72  7:22  Probe (Chrono Boost)  
  74  7:26  Phoenix  
  74  7:28  Probe (Chrono Boost)  
  74  7:29  Pylon  
  79  7:32  Probe (Chrono Boost)  
  79  7:33  Probe (Chrono Boost), Forge  
  79  7:36  Pylon  
  80  7:38  Probe (Chrono Boost)  
  80  7:39  Probe (Chrono Boost)  
  80  7:41  Colossus, Probe (Chrono Boost)  
  89  7:44  Probe x2 (Chrono Boost)  
  89  7:48  Observer  
  92  7:51  Phoenix  
  92  7:54  Probe (Chrono Boost)  
  92  7:56  Probe (Chrono Boost)  
  92  7:58  Assimilator  
  96  8:01  Assimilator  
  96  8:02  Probe (Chrono Boost)  
  96  8:03  Pylon  
  96  8:07  Protoss Ground Weapons Level 1  
  96  8:08  Colossus  
  96  8:09  Probe x2 (Chrono Boost)  
  96  8:10  Probe (Chrono Boost)  
  105  8:14  Pylon  
  105  8:20  Probe  
  105  8:23  Pylon  
  105  8:26  Probe x2  
  108  8:35  Fleet Beacon, Stargate  
  108  8:44  Colossus  
  114  8:48  Nexus  
  114  8:52  Pylon  
  114  9:03  Disruptor  
  117  9:13  Protoss Air Weapons Level 1, Assimilator  
  117  9:15  Pylon  
  123  9:25  Carrier (Chrono Boost)  
  123  9:29  Pylon  
  123  9:31  Photon Cannon  
  123  9:37  Carrier (Chrono Boost)  
  123  9:42  Disruptor  
  123  9:43  Pylon  
  132  9:53  Colossus  
  132  9:56  Pylon  
  132  9:57  Pylon  
  138  10:00  Gateway x2  
  138  10:02  Photon Cannon  
  138  10:03  Photon Cannon  
  138  10:05  Shield Battery  
  138  10:07  Carrier (Chrono Boost)  
  144  10:21  Disruptor  
  144  10:26  Zealot x3  
  144  10:27  Zealot  
  155  10:30  Anion Pulse-Crystals (Chrono Boost)  
  155  10:40  Pylon  
  155  10:44  Shield Battery  
  155  10:46  Photon Cannon, Shield Battery  
  155  10:48  Carrier (Chrono Boost)  
  161  10:52  Disruptor  
  161  10:54  Zealot x2  
  168  11:07  Photon Cannon  
  168  11:11  Pylon, Observer  
  167  11:15  Shield Battery  
  173  11:18  Carrier (Chrono Boost)  
  173  11:22  Probe  
  173  11:23  Probe x3  
  177  11:27  Assimilator  
  177  11:28  Protoss Air Weapons Level 2 (Chrono Boost)  
  177  11:30  Pylon  
  177  11:34  Probe  
  184  11:40  Probe x2  
  184  11:44  Stalker x3  
  184  11:45  Stalker  
  184  11:46  Shield Battery  
  188  11:53  Shield Battery  
  188  11:54  Pylon, Shield Battery  
  188  11:55  Photon Cannon  
  188  12:04  Shield Battery  
  188  12:06  Photon Cannon  
  188  12:13  Observer x2, Carrier (Chrono Boost)  
  194  12:30  Pylon  
  194  12:35  Pylon  
  192  12:40  Carrier (Chrono Boost)  
  196  12:55  Zealot x2  
  196  12:57  Shield Battery  
  200  13:00  Photon Cannon  
  200  13:01  Protoss Shields Level 1  
  200  13:02  Photon Cannon  
  200  13:06  Shield Battery x2  
  198  13:13  Zealot  
  200  13:22  Shield Battery  
  200  13:23  Pylon  
  200  13:31  Pylon  
  200  13:39  Protoss Air Weapons Level 3 (Chrono Boost), Observer  
  186  13:44  Carrier (Chrono Boost)  
  192  13:50  Stargate  
  192  13:52  Carrier (Chrono Boost)  
  192  13:55  Twilight Council  
  191  13:56  Observer  
  192  14:03  Stalker x3  
  192  14:07  Zealot  
  200  14:24  Observer  
  200  14:25  Gravitic Boosters  
  200  14:34  Blink (Chrono Boost), Nexus  
  200  14:35  Pylon  
  200  14:38  Pylon  
  200  14:46  Pylon  
  199  14:56  Protoss Ground Weapons Level 2 (Chrono Boost)  
  197  15:20  Zealot  
  199  15:21  Observer  
  199  15:24  Photon Cannon  
  199  15:26  Photon Cannon  
  199  15:28  Shield Battery  
  199  15:29  Shield Battery  
  199  15:30  Photon Cannon, Observer (Chrono Boost)  
  199  15:33  Pylon  
  200  15:36  Assimilator  
  200  15:38  Observer  
  200  15:39  Photon Cannon  
  200  15:40  Assimilator  
  200  15:41  Photon Cannon  
  200  15:50  Pylon  
  200  15:59  Gateway  
  200  16:01  Gateway  
  200  16:03  Gateway  
  200  16:06  Pylon  
  200  16:07  Gateway  
  200  16:08  Pylon  
  200  16:10  Pylon  
  199  16:13  Protoss Air Armor Level 1  
  199  16:25  Charge (Chrono Boost)  
  199  16:29  Carrier x2 (Chrono Boost)  
  197  16:33  Disruptor (Chrono Boost)  
  197  16:39  Photon Cannon  
  200  16:41  Photon Cannon  
  200  16:42  Photon Cannon  
  200  16:44  Photon Cannon  
  200  16:47  Shield Battery  
  200  16:50  Observer  
  200  16:53  Pylon, Shield Battery  
  199  16:54  Shield Battery  
  199  16:57  Pylon  
  199  16:59  Photon Cannon  
  199  17:00  Pylon  
  199  17:06  Observer  
  199  17:09  Pylon  
  199  17:11  Photon Cannon  
  199  17:15  Photon Cannon  
  199  17:16  Photon Cannon, Pylon  
  199  17:18  Shield Battery  
  199  17:19  Photon Cannon  
  199  17:21  Pylon  
  199  17:22  Pylon x2  
  198  17:23  Protoss Shields Level 2  
  198  17:32  Nexus  
  198  17:33  Photon Cannon x2  
  198  17:35  Pylon, Shield Battery  
  197  17:37  Photon Cannon  
  197  17:38  Photon Cannon, Nexus  
  197  17:44  Zealot x3  
  198  17:47  Zealot  
  198  17:48  Zealot x2  
  176  18:08  Zealot x3  
  176  18:09  Stalker, Zealot x6  
  185  18:18  Carrier x2 (Chrono Boost)  
  195  18:26  Photon Cannon  
  192  18:39  Templar Archives  
  151  18:55  Carrier (Chrono Boost)  
  125  19:09  Probe x3 (Chrono Boost)  
  119  19:14  Observer  
  119  19:15  Probe x3 (Chrono Boost)  
  101  19:18  Assimilator, Probe x2 (Chrono Boost)  
  101  19:19  Pylon, Carrier x2 (Chrono Boost)  
  101  19:22  Probe (Chrono Boost)  
  116  19:37  Zealot  
  118  19:40  High Templar x4  
  118  19:42  Probe  
  118  19:43  Probe  
  118  19:45  Probe  
  129  19:46  Probe  
  129  19:48  Archon x2  
  129  19:49  Probe  
  129  19:50  Probe  
  129  19:52  Protoss Ground Weapons Level 3 (Chrono Boost)  
  129  20:08  Zealot  
  129  20:09  Zealot  
  133  20:23  Observer  
  133  20:24  Stalker x6  
  145  20:31  Probe x2  
  145  20:32  Probe  
  145  20:33  Protoss Air Armor Level 2, Probe x2  
  148  20:49  High Templar  
  150  20:50  High Templar x5  
  150  20:52  Disruptor x2 (Chrono Boost)  
  150  20:54  Archon x2  
  150  20:55  Archon  
  166  20:59  Photon Cannon  
  162  21:17  High Templar x3  
  162  21:18  High Templar  
  170  21:22  Assimilator x2  
  170  21:25  Archon x2  
  170  21:28  High Templar x2  
  170  21:29  Stalker x2, High Templar x2  
  182  21:33  Archon  
  182  21:34  Archon  
  182  21:41  Shield Battery  
  182  21:44  Colossus, Assimilator  
  182  21:45  Assimilator  
  188  21:50  Zealot x4  
  188  21:52  Zealot  
  180  22:09  Protoss Shields Level 3 (Chrono Boost)  
  180  22:10  Psionic Storm  
  180  22:11  Stalker  
  180  22:12  Stalker x4, Zealot x2  
  190  22:31  High Templar  
  190  22:32  High Templar  
  190  22:36  Photon Cannon  
  194  22:38  Stalker  
  194  22:39  Photon Cannon, Stalker  
  194  22:41  Shield Battery  
  198  22:45  Disruptor x2 (Chrono Boost)  
  190  23:32  Stalker x5  
  196  23:47  Stalker x3  
  196  23:48  Stalker x2  
  187  24:08  Carrier (Chrono Boost)  
  187  24:09  Carrier x2 (Chrono Boost)  
  157  24:18  Zealot  
  157  24:20  Disruptor x2 (Chrono Boost)  
  157  24:21  High Templar x2  
  169  24:25  Stalker x2  
  169  24:26  Stalker  
  175  24:32  Zealot x4  
  177  24:55  Stalker x4, Zealot x2  
  177  24:56  Zealot  
Show
View Real Time Build Order
Export as new Build Order

liquidthermy Terran 

Build Orders: Reaper Expand 

Get SALT Encoding   

  12  0:01  SCV  
  13  0:13  SCV  
  14  0:20  Supply Depot  
  14  0:25  SCV  
  15  0:42  SCV  
  16  0:43  Barracks  
  16  0:44  Refinery  
  16  0:54  SCV  
  17  1:06  SCV  
  18  1:18  SCV  
  19  1:30  Reaper  
  19  1:31  Orbital Command  
  20  1:39  Command Center  
  20  1:49  Supply Depot  
  20  1:57  SCV  
  21  2:02  Marine  
  22  2:09  Bunker  
  22  2:13  Factory  
  22  2:14  SCV  
  23  2:20  Refinery  
  23  2:21  Barracks Reactor  
  23  2:26  SCV  
  24  2:38  SCV  
  25  2:50  SCV  
  25  2:51  Orbital Command  
  25  2:53  Bunker  
  25  2:57  Starport  
  25  2:59  Marine x2  
  25  3:02  SCV  
  25  3:04  Factory Tech Lab  
  28  3:15  SCV  
  28  3:17  SCV, Marine x2  
  32  3:24  Cyclone  
  36  3:27  SCV  
  36  3:29  SCV  
  37  3:35  Marine  
  37  3:38  Viking  
  37  3:39  SCV  
  41  3:41  Supply Depot  
  41  3:44  SCV  
  41  3:47  Marine  
  43  3:52  Marine  
  43  3:54  SCV  
  44  4:02  Siege Tank  
  46  4:06  Supply Depot  
  46  4:07  SCV, Marine  
  46  4:08  SCV  
  49  4:10  Marine  
  49  4:13  Viking  
  52  4:20  Supply Depot, SCV x2  
  54  4:27  Marine  
  54  4:28  Marine  
  56  4:32  SCV x2  
  56  4:38  Siege Tank  
  61  4:39  Engineering Bay  
  61  4:44  SCV x2  
  61  4:45  Marine  
  63  4:47  Supply Depot, Marine  
  63  4:50  Viking  
  67  4:56  SCV x2  
  69  5:03  Marine  
  70  5:07  Missile Turret  
  70  5:09  SCV x2, Marine  
  70  5:11  Missile Turret  
  73  5:15  Siege Tank  
  73  5:19  Supply Depot  
  73  5:21  SCV, Marine  
  78  5:31  Command Center  
  78  5:41  SCV x2, Marine  
  80  5:47  Siege Tank  
  77  5:50  Marine  
  77  5:53  SCV  
  74  6:00  Starport Tech Lab, SCV  
  74  6:01  Barracks  
  74  6:02  Marine  
  74  6:03  Barracks  
  76  6:04  Bunker  
  76  6:05  Bunker, SCV  
  77  6:12  Engineering Bay, SCV  
  77  6:14  Missile Turret  
  77  6:16  Marine  
  71  6:26  SCV, Marine  
  65  6:34  SCV, Marine  
  65  6:39  Terran Infantry Weapons Level 1, Terran Infantry Armor Level 1  
  62  6:41  Refinery  
  62  6:43  Refinery  
  62  6:44  Marine  
  60  6:47  Starport Reactor  
  60  6:48  Orbital Command  
  60  6:50  SCV  
  60  6:51  SCV  
  59  6:54  Barracks  
  59  6:55  Factory Reactor  
  59  6:58  Barracks  
  59  7:01  Stimpack, Marine x2  
  59  7:02  SCV  
  59  7:03  SCV  
  63  7:12  Marine  
  63  7:13  Marauder  
  65  7:17  SCV x2  
  65  7:20  Marauder, Marine  
  70  7:26  Orbital Command  
  70  7:29  SCV, Medivac  
  71  7:30  Marine  
  71  7:32  Medivac, Missile Turret  
  71  7:34  Marine  
  71  7:35  SCV  
  76  7:38  Widow Mine  
  76  7:39  Missile Turret  
  76  7:40  Marine  
  76  7:41  SCV  
  79  7:46  Widow Mine, Marine  
  79  7:47  SCV  
  83  7:52  SCV  
  83  7:54  SCV  
  83  7:55  Barracks Tech Lab  
  84  7:59  SCV  
  84  8:02  Medivac x2  
  84  8:04  SCV  
  90  8:06  SCV  
  90  8:11  Barracks Tech Lab  
  91  8:13  SCV  
  91  8:15  Armory, Refinery, Marine  
  91  8:16  Supply Depot, Refinery  
  91  8:18  Marauder  
  95  8:20  Marauder  
  95  8:21  Marine  
  95  8:22  SCV  
  95  8:24  SCV  
  95  8:26  Marauder  
  99  8:30  SCV  
  99  8:32  Supply Depot  
  100  8:34  SCV  
  100  8:35  Supply Depot  
  100  8:37  Marauder  
  100  8:39  Marine  
  100  8:40  Marauder  
  100  8:41  SCV  
  105  8:42  Starport  
  105  8:43  SCV  
  105  8:47  Supply Depot  
  105  8:48  SCV, Marauder  
  109  8:53  SCV  
  109  8:55  Medivac x2, SCV  
  115  8:57  Supply Depot  
  115  8:59  Supply Depot, Marine  
  115  9:00  Combat Shield, Concussive Shells  
  116  9:02  Marine  
  116  9:08  SCV  
  116  9:16  SCV  
  117  9:17  Missile Turret  
  117  9:18  Terran Infantry Weapons Level 2, Terran Infantry Armor Level 2  
  117  9:20  Marauder x2  
  117  9:22  Viking  
  123  9:29  SCV  
  123  9:30  SCV x2  
  126  9:31  Viking  
  126  9:34  Supply Depot  
  126  9:36  Viking  
  126  9:37  Viking  
  130  9:42  Marauder  
  132  9:49  Marauder  
  132  9:50  Marine x2, Ghost Academy, Marauder  
  137  9:53  Supply Depot  
  137  9:54  Supply Depot  
  137  9:58  Viking  
  139  10:01  Marauder  
  139  10:03  Marine  
  142  10:09  Viking x2  
  142  10:11  Viking  
  148  10:15  Marine x2  
  148  10:16  Marauder  
  148  10:18  Marauder  
  148  10:20  SCV  
  152  10:24  Enhanced Shockwaves  
  152  10:31  Viking  
  152  10:32  Marauder  
  156  10:42  Command Center  
  155  10:44  Viking  
  155  10:49  Ghost x2  
  157  10:51  Ghost  
  163  10:59  Viking  
  163  11:00  Viking  
  167  11:04  Supply Depot  
  167  11:06  Marine  
  167  11:07  Marauder  
  169  11:12  Terran Ship Weapons Level 1  
  169  11:14  Supply Depot  
  169  11:16  Viking  
  171  11:20  Viking  
  173  11:25  Marine x3  
  173  11:28  Marine  
  177  11:33  Supply Depot  
  177  11:39  Marine, Terran Infantry Weapons Level 3  
  177  11:40  Marauder  
  177  11:43  Marine  
  177  11:44  Viking  
  183  11:47  Viking  
  185  11:55  Marine  
  185  11:56  Marauder  
  185  11:57  Viking  
  185  12:01  Viking  
  192  12:02  Marine  
  193  12:08  Fusion Core  
  193  12:11  SCV x2  
  195  12:16  Marine  
  195  12:17  SCV, Marauder  
  195  12:19  Missile Turret  
  198  12:23  SCV  
  198  12:28  Marine  
  200  12:58  Personal Cloaking  
  200  13:00  Barracks  
  200  13:01  Barracks x2  
  200  13:02  Starport  
  200  13:03  Starport, Planetary Fortress  
  200  13:06  Command Center  
  200  13:07  Terran Infantry Armor Level 3  
  196  13:44  Viking  
  196  13:45  Viking, Marine  
  196  13:46  Marauder  
  196  13:47  Marauder, Marine  
  200  13:50  Command Center  
  200  13:52  Command Center  
  200  13:58  Starport Tech Lab x2  
  200  13:59  Barracks Tech Lab x2, Barracks Reactor  
  200  14:00  Weapon Refit  
  200  14:15  Marine  
  199  14:23  Viking  
  196  14:27  Missile Turret  
  196  14:30  Missile Turret  
  196  14:31  Missile Turret  
  196  14:34  Missile Turret x3  
  196  14:36  Orbital Command  
  196  14:38  Refinery  
  196  14:45  Marauder, Marine  
  198  15:13  Battlecruiser  
  200  15:14  Battlecruiser  
  200  15:21  Nuke  
  195  15:33  Starport x2, Orbital Command  
  195  15:34  Sensor Tower  
  195  15:37  Sensor Tower  
  195  15:39  Neosteel Armor, Missile Turret  
  195  15:40  Missile Turret x2  
  195  15:44  Terran Ship Weapons Level 2, Hi-Sec Auto Tracking  
  195  15:47  SCV, Armory  
  196  16:21  Nuke  
  196  16:35  Refinery x2  
  196  16:38  Battlecruiser  
  200  16:42  Command Center  
  200  16:45  Command Center  
  200  16:47  Command Center  
  199  17:01  Starport Tech Lab x2  
  199  17:04  Terran Vehicle And Ship Armor Level 1  
  199  17:10  Missile Turret  
  199  17:12  Missile Turret, Planetary Fortress  
  199  17:14  Missile Turret  
  194  17:43  Battlecruiser  
  191  17:47  Battlecruiser  
  191  17:48  Battlecruiser  
  196  18:05  Battlecruiser, Viking x2  
  193  18:06  Marine  
  193  18:10  Marine  
  186  18:15  Marauder, Marine  
  186  18:17  Marine  
  175  18:20  Marine  
  163  18:33  Marine  
  164  18:34  Marauder  
  164  18:41  Marine  
  164  18:42  Marauder  
  162  18:52  Marine  
  127  18:59  Marine  
  127  19:00  Marine x2  
  110  19:08  Marine  
  101  19:13  Marauder, Marine  
  101  19:14  Marine  
  105  19:20  Medivac  
  105  19:23  Medivac  
  109  19:26  Medivac, Orbital Command  
  111  19:31  Marine  
  111  19:32  Marine  
  111  19:33  Marine  
  114  19:38  Marine  
  114  19:39  Marine  
  114  19:44  Marine  
  117  19:46  Marine x2  
  117  19:47  Marine  
  117  19:52  Medivac  
  122  19:57  Medivac  
  169  20:00  Medivac  
  124  20:01  Marine  
  124  20:02  Marine x2  
  124  20:03  Marine  
  124  20:07  Marine x2  
  130  20:08  Marine  
  130  20:10  Marine  
  130  20:13  Marine  
  135  20:16  Medivac, Orbital Command  
  135  20:18  SCV  
  135  20:20  Marine  
  139  20:22  Marine  
  140  20:29  Ghost  
  140  20:35  Marine  
  141  20:37  SCV  
  141  20:38  SCV  
  141  20:42  Marauder, Marine x2  
  147  20:44  Marine x2  
  147  20:48  Marine x2  
  151  20:50  Marine  
  151  20:53  SCV, Marine  
  154  20:58  Marine  
  154  20:59  Marine  
  154  21:00  Marine  
  154  21:03  Marauder, Marine  
  160  21:06  Marine  
  161  21:12  Supply Depot  
  161  21:13  Supply Depot  
  161  21:16  Ghost  
  163  21:24  Marine  
  163  21:25  Marine  
  165  21:32  Sensor Tower  
  165  21:40  Ghost  
  165  21:45  Marauder, Marine x2  
  171  21:50  Marine  
  171  21:51  Marauder  
  171  21:53  Marine  
  171  21:54  Marauder  
  177  21:57  Marauder, Marine  
  177  22:06  Marine x2  
  177  22:07  Marauder  
  181  22:09  Marauder  
  180  22:18  Medivac, Marine  
  180  22:22  Marine  
  182  22:23  Marauder  
  179  22:30  Marine  
  179  22:31  Marauder  
  179  22:36  Marine x2  
  186  22:39  Command Center  
  186  22:40  Supply Depot  
  186  22:42  Marine  
  187  22:45  Marine  
  187  22:49  SCV  
  187  22:54  Marine x2  
  187  22:57  Supply Depot  
  180  23:17  Supply Depot, Marine x2, Ghost x2  
  180  23:18  Marauder, Marine  
  189  23:27  Ghost  
  189  23:44  Ghost  
  170  24:06  Marauder, Marine  
  145  24:10  Marine  
  145  24:11  Marauder  
  145  24:13  Marine  
  141  24:18  Marine  
  141  24:21  Marine  
  143  24:35  Marauder  
  143  24:44  Marine  
Tags
 
Add a new tag
Caveats
  • Supply blocks, unpowered buildings, or Contaminate may cause inaccurate times.
  • Supply counts are checked every 10 seconds.